[Event "*** Titled Tuesday Blitz"]
[Site "Chess.com"]
[Date "2021.02.02"]
[Round "7"]
[White "BilodeauA"]
[Black "MarcoRiehle"]
[Result "1-0"]
[WhiteElo "2876"]
[BlackElo "2704"]
[TimeControl "180+1"]
[EndTime "11:19:32 PST"]
[Termination "BilodeauA won by checkmate"]

1. d4 d5 2. Nc3 e6 3. Bf4 c5 4. e3 Nf6 5. Nb5 Na6 6. c3 Be7 7. Nf3 O-O 8. Be2 Bd7 9. O-O Bxb5 10. Bxb5 Nc7 11. Bd3 b5 12. Ne5 c4 13. Bc2 a5 14.
Qf3 Ra6 15. Rae1 b4 16. Qg3 Nce8 17. f3 a4 18. e4 a3 19. exd5 exd5 20. Ng4 Nxg4 21.
fxg4 axb2 22. g5 g6 23. h4 Ng7 24. Be5 Nh5 25. Qf3 f5 26. g4 fxg4 27. Qxg4 bxc3 28. a4 Rxf1+ 29. Rxf1 Bf8 30. Qf3 Ra7 31. a5 Bg7 32. Qxc3 Bxe5 33. dxe5 Rf7 34. Qxb2 Rxf1+ 35. Kxf1 Qxa5 36.
Qb8+ Kf7 37. Qd6 Qa1+ 38. Ke2 Nf4+ 39. Kf2 Qd4+ 40. Kf3 Nh5 41. e6+ Kg8 42. Qd8+ Kg7 43. Qe7+ Kg8 44. Qf7+ Kh8 45. Qf8# 1-0

[Event "*** Titled Tuesday Blitz"]
[Site "Chess.com"]
[Date "2021.02.02"]
[Round "7"]
[White "BairaKovanova"]
[Black "MartinMatthiesen"]
[Result "0-1"]
[WhiteElo "2480"]
[BlackElo "2362"]
[TimeControl "180+1"]
[EndTime "11:19:32 PST"]
[Termination "MartinMatthiesen won by resignation"]

1. e4 c6 2. d4 d5 3. Nc3 dxe4 4.
Nxe4 Bf5 5. Ng3 Bg6 6. Nf3 Nd7 7. Bd3 Ngf6 8. O-O e6 9. Bxg6 hxg6 10. Bf4 Be7 11. c4 O-O 12. Re1 Re8 13. Qe2 c5 14. Rad1 cxd4 15. Rxd4 Qb6 16. Red1 Qc6 17. Be5 Nxe5 18.
Nxe5 Qc5 19. a3 a5 20. Nd7 Qc6 21. Nxf6+ gxf6 22. Ne4 f5 23. Nc3 Bc5 24. Rh4 Bf8 25.
Nb5 Rad8 26. Rhd4 Rxd4 27. Rxd4 Bg7 28. Rd6 Qc5 29. h3 e5 30. Rd5 Qc6 31. b4 axb4 32.
axb4 e4 33. Rd6 Qc8 34. c5 Be5 35. Rd5 Qe6 36. Qd2 Bf4 37. Qxf4 Qxd5 38. Nc7 Qd1+ 39.
Kh2 Re7 40. Nb5 Qd3 41. Nd6 e3 42. fxe3 Qxe3 43. Qh4 Qe5+ 44. Kg1 b6 45. Nc8 Rd7 46. Nd6 bxc5 47. bxc5 Qxc5+ 0-1

[Event "*** Titled Tuesday Blitz"]
[Site "Chess.com"]
[Date "2021.02.02"]
[Round "7"]
[White "Mambastik-Fantastic"]
[Black "dennisodessa"]
[Result "0-1"]
[WhiteElo "2281"]
[BlackElo "2477"]
[TimeControl "180+1"]
[EndTime "11:19:32 PST"]
[Termination "dennisodessa won by resignation"]

1. e4 e6 2. d4 d5 3. Nc3 Nc6 4. e5 f6 5. f4 fxe5 6. fxe5 Qh4+ 7. g3 Qxd4 8. Qxd4 Nxd4 9. Bd3 Bd7 10. Be3 Nc6 11.
Nge2 Nge7 12. Bd4 g6 13. O-O-O Bg7 14. Rde1 Nxe5 15. Bxe5 Bxe5 16. Nf4 Bxf4+ 17. gxf4 O-O 18. Ne2 c5 19. c3 Nc6 20. h4 e5 21. c4 Nb4 22. Bb1 dxc4 23. fxe5 Nd3+ 24. Bxd3 cxd3 25. Nc3 Bc6 26. Rhg1 c4 27. h5 Kg7 28. Ne4 Bxe4 29. Rxe4 Rac8 30. e6 Rc7 31. Kd2 b5 32. Kc3 a5 33. Kd4 Rd8+ 34. Ke3 Re7 35. Kd2 Rd6 36. Rge1 Rc6 37. Re5 b4 38. Rxa5 Rcxe6 39. Rxe6 Rxe6 40. Ra7+ Kh6 41. hxg6 hxg6 42. Rb7 Re2+ 43. Kc1 c3 44. bxc3 bxc3 0-1

[Event "*** Titled Tuesday Blitz"]
[Site "Chess.com"]
[Date "2021.02.02"]
[Round "7"]
[White "Kostukov_Alex"]
[Black "Nikolaj_6"]
[Result "0-1"]
[WhiteElo "2297"]
[BlackElo "2598"]
[TimeControl "180+1"]
[EndTime "11:19:32 PST"]
[Termination "Nikolaj_6 won on time"]

1. g3 d5 2. Bg2 Nf6 3. d3 h6 4. e4 e5 5. exd5 Nxd5 6. Nc3 Nxc3 7. bxc3 Bd6 8. Nf3 O-O 9. O-O Nc6 10. Rb1 Rb8 11. Re1 Bg4 12. h3 Bh5 13. g4 Bg6 14. c4 f5 15. Nh2 Kh7 16. Qe2 Nd4 17. Qd2 Qh4 18. c3 Ne6 19. Nf3 Qf6 20. g5 hxg5 21. Nxg5+ Nxg5 22. Qxg5 Qxg5 23. Bxg5 b6 24. h4 f4 25. Rbd1 Rbe8 26. Be4 Be7 27. Bxe7 Rxe7 28. Kg2 Kh6 29. Bxg6 Kxg6 30. Kf3 Kf6 31. Rg1 Rd8 32.
Ke4 Rh8 33. Rg4 Rh6 34. Rdg1 c5 35. a4 g6 36. Rg5 Re6 37. R5g4 Kf7 38. f3 Rh8 39.
Rg5 Rhe8 40. h5 gxh5 41. Rxh5 Rg6 0-1

[Event "*** Titled Tuesday Blitz"]
[Site "Chess.com"]
[Date "2021.02.02"]
[Round "7"]
[White "Philosopherrr"]
[Black "superchess02"]
[Result "1-0"]
[WhiteElo "2586"]
[BlackElo "2781"]
[TimeControl "180+1"]
[EndTime "11:19:33 PST"]
[Termination "Philosopherrr won by resignation"]

1. e4 c6 2. d4 d5 3. exd5 cxd5 4. c4 Nf6 5. Nc3 Nc6 6. Bg5 dxc4 7. Bxc4 e6 8. Nf3 Be7 9. O-O O-O 10. a3 b6 11. Re1 Bb7 12. Rc1 Rc8 13. Ba2 h6 14. Bh4 Nh5 15. Bg3 Nxg3 16. hxg3 Bf6 17. d5 exd5 18. Bxd5 Na5 19. Bxb7 Nxb7 20. Nd5 Rxc1 21. Nxf6+ Qxf6 22. Qxc1 Nc5 23. Re3 Rd8 24. b4 Nd3 25.
Qc7 Rd5 26. Qc8+ Kh7 27. Qc4 Qa1+ 28. Kh2 Rh5+ 29. Nh4 Ne5 30. Qe4+ g6 31. Qf4 Kg7 32. Qe4 Qd1 33. f3 Qd6 34. Qf4 g5 35. Qxe5+ Qxe5 36. Rxe5 Kf6 37. Rf5+ Ke6 38. Rb5 f5 39. Rxf5 Rxh4+ 40. gxh4 Kxf5 41. hxg5 hxg5 42. Kg3 a5 43. bxa5 bxa5 44.
a4 Ke5 45. Kg4 Kd4 46. Kxg5 Kc4 47. f4 Kb4 48. f5 Kxa4 49. f6 1-0

[Event "*** Titled Tuesday Blitz"]
[Site "Chess.com"]
[Date "2021.02.02"]
[Round "7"]
[White "szefru"]
[Black "KetiGrant"]
[Result "1-0"]
[WhiteElo "2228"]
[BlackElo "2359"]
[TimeControl "180+1"]
[EndTime "11:19:34 PST"]
[Termination "szefru won on time"]

1. e4 c5 2. Nf3 Nc6 3. Bb5 g6 4. Nc3 Bg7 5. O-O Nf6 6. Bxc6 dxc6 7. e5 Ng4 8. Qe2 Qc7 9. Re1 h5 10. h3 Nh6 11. d3 Nf5 12. Ne4 b6 13. Nf6+ Kf8 14.
Ne4 Be6 15. Neg5 Bd5 16. Bf4 Bxf3 17. Qxf3 e6 18. Bh2 h4 19. Rad1 Ke7 20. c3 Rad8 21. Ne4 Qd7 22. Nd6 Rh5 23. d4 cxd4 24. cxd4 Nxd6 25.
exd6+ Kf8 26. Be5 Kg8 27. Rc1 c5 28. Bxg7 Kxg7 29. dxc5 bxc5 30. Red1 Qb5 31. b3 Rd7 32. Rc4 Qb6 33. Qc3+ Kg8 34. Rc1 Qxd6 35. Rxc5 Rxc5 36. Qxc5 Qxc5 37. Rxc5 Kf8 38. Rc2 g5 39. Kh2 f6 40.
g3 hxg3+ 41. Kxg3 Kf7 42. h4 Kg6 43. hxg5 Kxg5 44. f4+ Kf5 45. Rc5+ e5 46. fxe5 fxe5 47. Kf3 Rd3+ 48. Ke2 Rh3 49. a4 Kf4 50. Rc4+ e4 51.
b4 Rh2+ 52. Ke1 Kf3 53. Rc7 1-0

[Event "*** Titled Tuesday Blitz"]
[Site "Chess.com"]
[Date "2021.02.02"]
[Round "7"]
[White "Konavets"]
[Black "Reader777"]
[Result "0-1"]
[WhiteElo "2924"]
[BlackElo "2809"]
[TimeControl "180+1"]
[EndTime "11:19:35 PST"]
[Termination "Reader777 won by resignation"]

1. e4 c5 2. Nf3 d6 3. d4 cxd4 4.
Nxd4 Nf6 5. Nc3 a6 6. Qd3 g6 7. Bg5 Bg7 8. O-O-O Nbd7 9. f4 Qc7 10. Be2 b5 11.
Bf3 Bb7 12. Bxf6 Bxf6 13. Nd5 Bxd5 14. exd5 O-O-O 15. Nc6 Rde8 16. Kb1 Nb8 17. c4 Nxc6 18. dxc6 Qb6 19. Qb3 Kc7 20. c5 Qxc5 21. Qxf7 Qb4 22. Qb3 Qxb3 23. axb3 e6 24. Rhe1 Rhf8 25. Bg4 Kxc6 26.
Bxe6 Bg7 27. g3 Kc7 28. Rc1+ Kb6 29. Bd5 Rxe1 30. Rxe1 Bf6 31. Rc1 Rd8 32. b4 Rd7 33. Rc6+ Ka7 34. Rc8 Re7 35. b3 Re1+ 36. Kc2 Re2+ 37.
Kd3 Rxh2 38. Rc7+ Kb8 39. Rc6 Rh3 40. Rxd6 Rxg3+ 41. Ke4 Bc3 42. Rb6+ Kc7 43. Rc6+ Kd7 44. Rxa6 Bxb4 45. Bg8 h5 46. Rb6 Bc5 47. Rxb5 Kc6 48. Rxc5+ Kxc5 49. f5 gxf5+ 50. Kxf5 Rxg8 0-1

[Event "*** Titled Tuesday Blitz"]
[Site "Chess.com"]
[Date "2021.02.02"]
[Round "7"]
[White "ehrenfeld"]
[Black "TeukkaSalama"]
[Result "1-0"]
[WhiteElo "2513"]
[BlackElo "2368"]
[TimeControl "180+1"]
[EndTime "11:19:35 PST"]
[Termination "ehrenfeld won by checkmate"]

1. e4 d6 2. d4 Nf6 3. Nc3 e5 4. Nge2 exd4 5. Nxd4 Be7 6. g3 O-O 7. Bg2 Re8 8. O-O Bf8 9. h3 Nbd7 10. g4 Nc5 11. Re1 c6 12. g5 Nfd7 13. Nf5 Ne5 14. Bf4 Ng6 15. Bxd6 Qxg5 16. Bxf8 Bxf5 17. exf5 Rxe1+ 18. Qxe1 Nf4 19. Qf1 Rxf8 20. Kh1 Qxf5 21. Rc1 Rd8 22. Rd1 Rxd1 23. Qxd1 Nce6 24. Kh2 Qe5 25. Kh1 Nxg2 26. Kxg2 h6 27. Qg4 Nf4+ 28. Kf1 g5 29. h4 b5 30. hxg5 hxg5 31. Qc8+ Kg7 32. Qxc6 b4 33. Ne4 Qd4 34. Kg1 Qd1+ 35. Kh2 Qh5+ 36. Kg1 Qg4+ 37. Ng3 Qd1+ 38. Kh2 Qd8 39. Nf5+ Kh7 40.
Qh6+ Kg8 41. Qg7# 1-0

[Event "*** Titled Tuesday Blitz"]
[Site "Chess.com"]
[Date "2021.02.02"]
[Round "7"]
[White "korkmaz16"]
[Black "Kildepiotr"]
[Result "0-1"]
[WhiteElo "2407"]
[BlackElo "2588"]
[TimeControl "180+1"]
[EndTime "11:19:36 PST"]
[Termination "Kildepiotr won by resignation"]

1. e4 g6 2. d4 Bg7 3. Nc3 c6 4.
Nf3 d6 5. h3 Nf6 6. Be2 O-O 7.
O-O Nbd7 8. Be3 e5 9. Qd2 Qe7 10. Rad1 Re8 11. Rfe1 exd4 12. Nxd4 Nxe4 13. Nxe4 Qxe4 14.
Bf3 Qe7 15. Bf4 Ne5 16. Bg5 Qf8 17. b3 d5 18. Be2 h6 19. Bf4 g5 20. Bh2 Ng6 21. c4 dxc4 22. Bxc4 Rxe1+ 23. Rxe1 Bxh3 24. gxh3 Rd8 25. Qd3 Rxd4 26. Qxg6 Rxc4 27. Bd6 fxg6 28. Bxf8 Rf4 29. Bxg7 Kxg7 30. Re6 Rf6 31. Re7+ Rf7 32. Re6 Rd7 33. Kg2 Kf7 34. Re2 Rd3 35. f3 c5 36. Kg3 b6 37. Rc2 Kf6 38. Re2 Rd7 39. Rc2 Kf5 40. Re2 h5 41. h4 gxh4+ 42. Kxh4 g5+ 43.
Kg3 h4+ 44. Kg2 a5 45. Rc2 Rd4 46. Re2 g4 47. fxg4+ Rxg4+ 48. Kh3 Re4 49. Rf2+ Ke5 50. Rg2 Kd5 51. Rg6 Rb4 52. Rg2 Kc6 53. Rf2 a4 54. Rb2 axb3 55. axb3 b5 56. Rb1 c4 57. Rc1 Rxb3+ 58. Kxh4 Rf3 59. Kg4 Rf8 0-1

[Event "*** Titled Tuesday Blitz"]
[Site "Chess.com"]
[Date "2021.02.02"]
[Round "7"]
[White "rynos0411"]
[Black "MaevskiyNikolay"]
[Result "0-1"]
[WhiteElo "2402"]
[BlackElo "2576"]
[TimeControl "180+1"]
[EndTime "11:19:36 PST"]
[Termination "MaevskiyNikolay won on time"]

1. e4 c6 2. d4 d5 3. e5 Bf5 4. Nd2 e6 5. Nb3 Nd7 6. Be3 Ne7 7. Nf3 Bg6 8. Be2 Nf5 9. Qd2 a5 10. a4 Qb6 11. O-O Be7 12. Bg5 Bb4 13. c3 Bf8 14. Nc1 h6 15. Bf4 Be7 16. Bd3 c5 17. Bb5 cxd4 18. cxd4 Bb4 19. Qd1 Rd8 20. Ne2 O-O 21.
Rc1 Nb8 22. Bd2 Nc6 23. Bxb4 Nxb4 24. Qd2 Rc8 25. h4 Ne7 26. Nf4 Be4 27. Be2 Nf5 28. Rxc8 Rxc8 29. Rc1 Rc6 30. Rc3 Bxf3 31. Bxf3 Qxd4 32.
Qxd4 Nxd4 33. Bd1 Na2 34. Rxc6 Nxc6 35. Nd3 Nab4 36. Nxb4 Nxb4 37. Kf1 g5 38. hxg5 hxg5 39. g3 Nd3 40. b3 Nxe5 41. Ke2 Nc6 42. Ke3 f5 43. Be2 Kf7 44. Bb5 Nb4 45. Kd4 b6 46. Ke5 Ke7 47. f4 gxf4 48. Kxf4 Kf6 49. Be2 Nc6 50. Ke3 e5 51. Bb5 Nd4 52. Bf1 Nxb3 0-1

[Event "*** Titled Tuesday Blitz"]
[Site "Chess.com"]
[Date "2021.02.02"]
[Round "7"]
[White "LyonBeast"]
[Black "hansen"]
[Result "1-0"]
[WhiteElo "3105"]
[BlackElo "2912"]
[TimeControl "180+1"]
[EndTime "11:19:37 PST"]
[Termination "LyonBeast won by resignation"]

1. Nf3 d5 2. e3 Nf6 3. b3 Bg4 4. Bb2 Nbd7 5. Be2 e6 6. c4 c6 7. d3 Bd6 8. Nbd2 O-O 9. h3 Bxf3 10. Nxf3 Qe7 11. a3 e5 12. Qc2 Rfe8 13. d4 e4 14. Nd2 a5 15. c5 Bc7 16. b4 axb4 17. axb4 Nf8 18. b5 Rxa1+ 19. Bxa1 Ng6 20. Bc3 Nh4 21. Rg1 Bh2 22. Rh1 Bb8 23. g3 Nf5 24. Rg1 h5 25. Qa4 Qe6 26. Nb3 Ne7 27. g4 hxg4 28. hxg4 g5 29.
Na5 Qc8 30. Kd2 Kg7 31. Rh1 Bc7 32. bxc6 Bxa5 33. Qxa5 bxc6 34. Qa1 Ng6 35. Qa6 Qd7 36. Rb1 Rh8 37. Rb7 Qe6 38. Rc7 Ne7 39. Qb7 Nfg8 40. Rd7 Qf6 41. Qc7 Qxf2 42. Rxe7 Rh2 43. Rxf7+ Qxf7 44. Qxh2 Nf6 45. Qe5 Kg6 46. Qf5+ Kh6 47.
Qc8 Qa7 48. Qxc6 Qa2+ 49. Ke1 Kg6 50. Qb6 Qa8 51. c6 1-0

[Event "*** Titled Tuesday Blitz"]
[Site "Chess.com"]
[Date "2021.02.02"]
[Round "7"]
[White "rasmussvane"]
[Black "ChessWarrior7197"]
[Result "0-1"]
[WhiteElo "2876"]
[BlackElo "2925"]
[TimeControl "180+1"]
[EndTime "11:19:37 PST"]
[Termination "ChessWarrior7197 won by resignation"]

1. Nf3 d5 2. g3 Nd7 3. d4 Nb6 4. Nc3 Bf5 5. a4 a5 6. Nh4 e6 7. Nxf5 exf5 8. Qd3 g6 9. Bg2 Nf6 10. O-O Bg7 11. f3 O-O 12. Rd1 Re8 13. e4 fxe4 14. fxe4 dxe4 15. Nxe4 Nxe4 16. Bxe4 c6 17. c3 Nd7 18.
Bg2 Qb6 19. Qf3 Ne5 20. Qf2 Nc4 21. Bf1 Qb3 22. Re1 Nd6 23. Bf4 Ne4 24. Qg2 Nf6 25.
Bd3 Nd5 26. Qc2 Qb6 27. Bd6 Bxd4+ 28. cxd4 Qxd4+ 29. Qf2 Qxd3 30. Be5 f6 31. Bd4 Kf7 32. Rad1 Rxe1+ 33. Rxe1 Re8 34. Rxe8 Kxe8 35. Bxf6 Qb1+ 36. Kg2 Qe4+ 37. Kg1 Ne3 38. Qe2 Kf7 39. Bc3 b6 40. Bd2 Qb1+ 41. Kf2 Nd5 42. g4 Qxb2 43. Qf3+ Ke6 44.
Qe2+ Qe5 45. Qc4 Qxh2+ 46. Kf1 Qxd2 47. Qxc6+ Ke5 48. Qf6+ Kxf6 0-1

[Event "*** Titled Tuesday Blitz"]
[Site "Chess.com"]
[Date "2021.02.02"]
[Round "7"]
[White "cassoulet"]
[Black "Artyom_ChessMate"]
[Result "1/2-1/2"]
[WhiteElo "2744"]
[BlackElo "2565"]
[TimeControl "180+1"]
[EndTime "11:19:37 PST"]
[Termination "Game drawn by agreement"]

1. e4 c5 2. Nf3 d6 3. Nc3 Nf6 4. d4 cxd4 5. Nxd4 g6 6. Be3 Bg7 7. f3 O-O 8. Qd2 Nc6 9. O-O-O d5 10. exd5 Nxd5 11. Nxc6 bxc6 12. Nxd5 cxd5 13. Qxd5 Qc7 14. Qc5 Qb7 15. Qa3 Be6 16. Ba6 Qc6 17. Bd4 Bf5 18.
Bd3 Bxd4 19. Bxf5 Qf6 20. Be4 Rab8 21. c3 Rfc8 22. Rd3 Bc5 23. Qa4 Qb6 24. Qc2 Qa5 25.
Kb1 Ba3 26. b3 Qc5 27. Rhd1 a5 28. Rd5 Qc7 29. Rd7 Qxc3 30. Rd8+ Rxd8 31. Rxd8+ Rxd8 32. Qxc3 Rd1+ 33. Kc2 Rc1+ 34. Kd3 Rxc3+ 35. Kxc3 Bb4+ 36.
Kc4 Kf8 37. Kb5 Ke8 38. a3 Bxa3 39. Kxa5 Kd7 40. b4 Kc7 41. Kb5 e6 42. Bc2 h5 43.
Kc5 h4 44. Ba4 g5 45. Kc4 Kd6 46. Be8 f6 47. b5 Bc5 48. Bf7 Bb6 49. Kd3 Ke5 50. Be8 Bg1 51. h3 Kf4 52. Bd7 e5 53. Bc6 Kg3 54. Ke4 Kxg2 55. Bd7 Kg3 56. Bg4 Bd4 57.
Kf5 Kf2 58. Kxf6 e4+ 59. Kxg5 exf3 60. Kxh4 Ke3 61. Bxf3 Kxf3 62. Kg5 Ke4 63. h4 Kd5 64. h5 Kc5 65. h6 Kxb5 1/2-1/2

[Event "*** Titled Tuesday Blitz"]
[Site "Chess.com"]
[Date "2021.02.02"]
[Round "7"]
[White "kleopl"]
[Black "JTCoach"]
[Result "0-1"]
[WhiteElo "2511"]
[BlackElo "2695"]
[TimeControl "180+1"]
[EndTime "11:19:37 PST"]
[Termination "JTCoach won by resignation"]

1. c4 e5 2. Nc3 Nc6 3. Nf3 g6 4. e3 Bg7 5. d4 exd4 6. exd4 Nge7 7. d5 Ne5 8. Be2 O-O 9. Nd4 d6 10. O-O Nf5 11. Nc2 h5 12. h3 c6 13. Rb1 c5 14.
Ne4 h4 15. Bg5 f6 16. Bd2 Nf7 17. Re1 Re8 18. Bd3 Ne5 19. Bc3 Bd7 20. Ne3 Nxe3 21.
Rxe3 Bf5 22. Bxe5 Rxe5 23. Nc3 Rxe3 24. fxe3 Bxd3 25. Qxd3 f5 26. e4 Qg5 27. exf5 Qxf5 28.
Qxf5 gxf5 29. Nb5 Be5 30. Rf1 a6 31. Nc7 Rc8 32. Ne6 Bxb2 33. Rxf5 b5 34. Rf4 bxc4 35. Rxc4 Bf6 36. Ra4 c4 37. Nf4 c3 38. Rxa6 Bd4+ 39. Kf1 Rf8 40. Ke2 Rxf4 41. Rxd6 Rf2+ 42. Kd3 Rd2+ 43.
Ke4 c2 44. Rc6 Bb2 0-1

[Event "*** Titled Tuesday Blitz"]
[Site "Chess.com"]
[Date "2021.02.02"]
[Round "7"]
[White "enriquetejedor"]
[Black "SHIVACalypso"]
[Result "1-0"]
[WhiteElo "2520"]
[BlackElo "2382"]
[TimeControl "180+1"]
[EndTime "11:19:37 PST"]
[Termination "enriquetejedor won by resignation"]

1. e4 e6 2. d4 d5 3. Bd3 c5 4.
exd5 exd5 5. dxc5 Bxc5 6. Nf3 Nf6 7. O-O O-O 8. h3 Nc6 9. Nc3 h6 10. a3 Be6 11. Bf4 Qd7 12. Qd2 Rfe8 13. Rfe1 Rad8 14. b4 Bd6 15. Bxd6 Qxd6 16. Nb5 Qd7 17. Nbd4 a6 18.
Nxc6 Qxc6 19. Nd4 Qd7 20. Re3 Qc7 21. Rae1 Bd7 22. c3 Rxe3 23. Rxe3 Re8 24. Rxe8+ Bxe8 25. f3 Bc6 26. Qe3 Qd7 27. Bf5 Qd6 28. Bc2 Kf8 29. Nf5 Qe6 30. Qc5+ Kg8 31. Kf2 Nd7 32. Qd4 Qe5 33. f4 Qxd4+ 34. Nxd4 g6 35. Nxc6 bxc6 36. Bd3 Nb8 37. Ke3 Kf8 38. Kd4 Ke7 39. Kc5 Kd7 40. Kb6 Kd6 41. Kb7 Nd7 42. Bxa6 c5 43. Bb5 Nf6 44. a4 cxb4 45. cxb4 d4 46. a5 Nd5 47. a6 Nc7 48. a7 f5 49. a8=Q Nxa8 50. Kxa8 Kd5 51. Bd3 Kc6 52. Kb8 g5 53. g3 g4 54.
h4 1-0

[Event "*** Titled Tuesday Blitz"]
[Site "Chess.com"]
[Date "2021.02.02"]
[Round "7"]
[White "elohunter1999"]
[Black "GiorgianBarbosa"]
[Result "1-0"]
[WhiteElo "2666"]
[BlackElo "2489"]
[TimeControl "180+1"]
[EndTime "11:19:39 PST"]
[Termination "elohunter1999 won on time"]

1. d4 Nf6 2. c4 g6 3. Nc3 Bg7 4. e4 O-O 5. Nf3 d6 6. Be2 e5 7. O-O Bg4 8. Be3 Bxf3 9. Bxf3 exd4 10.
Bxd4 Nc6 11. Be3 Nd7 12. Qd2 Bxc3 13. Qxc3 Qf6 14. Rac1 Rfe8 15. Qb3 Rab8 16. Rfd1 Nc5 17. Qc2 Qe6 18. Re1 Nb4 19. Qb1 Nbd3 20. b4 Nxe1 21. Rxe1 Nxe4 22. h4 Qxc4 23. h5 Nc3 24. Qb2 Na4 25.
Qf6 Qe6 26. Qh4 Qe7 27. Qg3 Qe5 28. Qh4 Qe7 29. Qh3 Qf6 30. Rd1 Nc3 31. Bd4 Qe6 32.
Qxe6 fxe6 33. Bxc3 d5 34. Be5 Rbc8 35. Rd4 b6 36.
hxg6 hxg6 37. Rh4 Kf7 38. Rh7+ Kg8 39. Rg7+ Kf8 40. Rxg6 c5 41. Bh5 Re7 42. Rh6 Rg7 43. Bxg7+ Kxg7 44. Rxe6 1-0

[Event "*** Titled Tuesday Blitz"]
[Site "Chess.com"]
[Date "2021.02.02"]
[Round "7"]
[White "Forantes"]
[Black "Blitzking642"]
[Result "1-0"]
[WhiteElo "2303"]
[BlackElo "2461"]
[TimeControl "180+1"]
[EndTime "11:19:39 PST"]
[Termination "Forantes won by resignation"]

1. Nf3 c5 2. g3 g6 3. d4 cxd4 4. Nxd4 Bg7 5. Nb3 d5 6. Bg2 Nf6 7.
O-O O-O 8. Nc3 e6 9. a4 Nc6 10. Re1 d4 11. Ne4 Nd5 12. Bg5 f6 13. Bd2 f5 14. Nec5 b6 15. Nd3 e5 16. a5 e4 17. Nf4 Nxf4 18. Bxf4 Be6 19. axb6 axb6 20. Qd2 Qd7 21. h4 Rfc8 22. Rxa8 Rxa8 23. Rd1 Ra2 24.
f3 e3 25. Bxe3 dxe3 26. Qxd7 Bxd7 27. Rxd7 Rxb2 28. f4 Rxc2 29. Bd5+ Kh8 30. Bxc6 Rxc6 31. Rd8+ Bf8 32. Rxf8+ Kg7 33. Re8 Rc3 34. Nd4 Rc4 35. Nf3 Rc3 36. Ne1 b5 37. Ng2 Rc1+ 38. Kh2 b4 39. Rxe3 Rb1 40. Re7+ Kf6 41. Rb7 b3 42. Ne3 Re1 43. Rxb3 Rxe2+ 44. Kg1 h6 45. Nf1 Rc2 46. Rb6+ Kf7 47. Rd6 Re2 48. Rd3 Rc2 49. Rf3 Re2 50.
Rf2 Re4 51. Kg2 Re1 52. Rb2 Rc1 53. Nd2 Rc3 54. Nf3 Kf6 55. Rb6+ Kg7 56. Ne5 g5 57. hxg5 hxg5 58. Rg6+ Kh7 59. Rxg5 Rc2+ 60. Kh3 1-0

[Event "*** Titled Tuesday Blitz"]
[Site "Chess.com"]
[Date "2021.02.02"]
[Round "7"]
[White "Aslanov_Umid"]
[Black "Jungle_Jaguar"]
[Result "0-1"]
[WhiteElo "2341"]
[BlackElo "2617"]
[TimeControl "180+1"]
[EndTime "11:19:40 PST"]
[Termination "Jungle_Jaguar won by checkmate"]

1. e4 c5 2. Nf3 Nc6 3. d4 cxd4 4. Nxd4 Nf6 5. Nc3 e5 6. Ndb5 d6 7. Bg5 a6 8. Na3 b5 9. Nd5 Be7 10. Bxf6 Bxf6 11. c3 O-O 12. Nc2 Rb8 13. Be2 Bg5 14. h4 Bh6 15. Bg4 Be6 16. Nce3 Bxe3 17. Nxe3 Ne7 18.
Bxe6 fxe6 19. Qg4 Qd7 20. g3 b4 21. O-O bxc3 22. bxc3 Rbc8 23. c4 Nc6 24. Nd5 Qf7 25.
Ne3 Nd4 26. Rad1 Rb8 27. f4 h5 28. Qg5 Rb2 29. f5 Qb7 30. f6 Rf7 31. fxg7 Rxg7 32. Qd8+ Kh7 33. Rxd4 exd4 34. Nf5 exf5 35. Rxf5 Rxg3+ 36.
Kf1 Rb1+ 37. Kf2 Qb2+ 38. Kxg3 Rg1+ 39. Kh3 Qg2# 0-1

[Event "*** Titled Tuesday Blitz"]
[Site "Chess.com"]
[Date "2021.02.02"]
[Round "7"]
[White "QuintilianoR"]
[Black "strelec64"]
[Result "1-0"]
[WhiteElo "2705"]
[BlackElo "2501"]
[TimeControl "180+1"]
[EndTime "11:19:40 PST"]
[Termination "QuintilianoR won on time"]

1. d4 Nf6 2. c4 e6 3. Nf3 b6 4. g3 Ba6 5. b3 Bb4+ 6. Bd2 Be7 7.
Nc3 d5 8. cxd5 exd5 9. Bg2 O-O 10.
O-O Bb7 11. Rc1 Na6 12. Ne5 Qc8 13. Bg5 Qe6 14. e3 h6 15. Bxf6 Bxf6 16. Nd3 g5 17. b4 c6 18. a4 Nc7 19. b5 a6 20. bxc6 Bxc6 21. Qb3 Rab8 22. Nb4 Bb7 23. Ncxd5 Nxd5 24. Bxd5 Bxd5 25. Qxd5 a5 26. Qxe6 fxe6 27. Nc6 Rb7 28. Rb1 Rff7 29. e4 Rfd7 30. Rfd1 Kf8 31. Kg2 Bg7 32. Rb5 Rdc7 33. d5 exd5 34. exd5 Rd7 35. d6 Kf7 36. Ne5+ Bxe5 37. Rxe5 b5 38. axb5 Rb6 39. Red5 Ke6 40. R5d3 Rdxd6 41. Re1+ Kd7 42. Rde3 Rxb5 43. Re7+ Kc6 44. R1e6 Rd5 45. Re4 Kb5 46. Rb7+ Rb6 47. Ra7 Ra6 48. Rb7+ Rb6 49. Rf7 Rbd6 50. Rf3 Rd4 51. Rf5+ 1-0

[Event "*** Titled Tuesday Blitz"]
[Site "Chess.com"]
[Date "2021.02.02"]
[Round "7"]
[White "PowerThinking2650"]
[Black "CSB7"]
[Result "0-1"]
[WhiteElo "2377"]
[BlackElo "2582"]
[TimeControl "180+1"]
[EndTime "11:19:40 PST"]
[Termination "CSB7 won by resignation"]

1. e4 e6 2. d4 d5 3. Nd2 Be7 4. Ngf3 c5 5. Bb5+ Bd7 6. Bxd7+ Qxd7 7. exd5 Qxd5 8. dxc5 Qxc5 9. O-O Nf6 10. Qe2 O-O 11.
Ne4 Qc6 12. Nxf6+ Bxf6 13. c3 Nd7 14. Bg5 h6 15. Bxf6 Nxf6 16. Ne5 Qc5 17. Rad1 Rad8 18. g3 Rd5 19. Rxd5 Qxd5 20. c4 Qa5 21. a3 Rd8 22. Qe3 Qd2 23. b4 Qxe3 24. fxe3 Rd2 25. Rf2 Rd1+ 26. Rf1 Rd2 27. Rf2 Rd1+ 28. Rf1 Rd6 29.
Rf4 Ra6 30. Rd4 Rxa3 31. Rd8+ Kh7 32. Nxf7 Rxe3 33. c5 Rb3 34. Rd4 Nd5 35. Nd8 Rxb4 36. Rxb4 Nxb4 37. Nxb7 Kg6 38. Na5 Kf6 39. c6 Ke7 40.
Kf2 Kd6 41. Ke3 Nxc6 42. Nc4+ Kd5 43. Nd2 a5 44. Kf4 a4 45. Kg4 Nd4 46. Kh5 a3 0-1

[Event "*** Titled Tuesday Blitz"]
[Site "Chess.com"]
[Date "2021.02.02"]
[Round "7"]
[White "LawrenceTrent"]
[Black "hleol"]
[Result "1-0"]
[WhiteElo "2583"]
[BlackElo "2413"]
[TimeControl "180+1"]
[EndTime "11:19:41 PST"]
[Termination "LawrenceTrent won by resignation"]

1. d4 d5 2. Bf4 Nf6 3. Nc3 e6 4.
e3 a6 5. g4 h6 6. Qf3 Bd6 7.
O-O-O b5 8. h4 Bxf4 9. exf4 b4 10. Na4 Ne4 11. Bd3 Bb7 12. Ne2 Qd7 13. b3 Qc6 14. Bxe4 dxe4 15. Qe3 Nd7 16. Ng3 Nb6 17. Nc5 Nd5 18.
Qxe4 Nc3 19. Qxc6+ Bxc6 20. Rhe1 Nxd1 21. Rxd1 a5 22. f5 O-O 23. Re1 exf5 24. Nxf5 Bf3 25. Rg1 a4 26. Nxa4 g6 27. Nxh6+ Kg7 28. g5 Bc6 29. Nc5 Rxa2 30. Kd2 Re8 31. Rg4 Bd5 32.
Rf4 Ra1 33. Ng4 Rae1 34. Ne3 Rh1 35. Nxd5 Ree1 36. Ne3 Reg1 37. Nd3 Rh3 38. Ne5 Rh2 39. Rxf7+ Kg8 40. Rf6 Kh7 41. Nxg6 Ra1 42. Ng4 Rg2 43. N4e5 Rf1 44. Nd3 Rg4 45. Nge5 Rxd4 46. h5 Rd6 47. Rf7+ Kg8 48. Rxc7 Rh1 49. h6 Rh2 50. Ke3 Rh3+ 51.
f3 Rh5 52. Kf4 Rh4+ 53. Kf5 Rhd4 54. h7+ Kh8 55. Nf7+ Kxh7 56. Nxd6+ 1-0

[Event "*** Titled Tuesday Blitz"]
[Site "Chess.com"]
[Date "2021.02.02"]
[Round "7"]
[White "Sychev_Klementy"]
[Black "LiamVrolijk"]
[Result "0-1"]
[WhiteElo "2902"]
[BlackElo "2865"]
[TimeControl "180+1"]
[EndTime "11:19:42 PST"]
[Termination "LiamVrolijk won on time"]

1. e4 e5 2. Nf3 Nc6 3. Bb5 a6 4.
Ba4 g6 5. d4 b5 6. Bb3 exd4 7.
Nxd4 Na5 8. a4 b4 9. Bd5 c6 10.
Ba2 Bg7 11. O-O d6 12. c3 Rb8 13. cxb4 Rxb4 14. Nc2 Rxb2 15. Bxb2 Bxb2 16. Nd2 Bxa1 17. Qxa1 Qf6 18. e5 dxe5 19. Qc3 Bf5 20. Ne3 Nb7 21.
g4 Bd7 22. Rb1 Nd8 23. Ne4 Qe7 24. Nc4 Nf6 25. Ned6+ Kf8 26. Re1 Bxg4 27. Rxe5 Be6 28. Qd2 Kg7 29. Ne3 Nd5 30. Nef5+ gxf5 31. Nxf5+ Bxf5 32.
Rxe7 Nxe7 33. Qd4+ f6 34. Qd6 Re8 35. a5 Nf7 36.
Qc7 Nd5 37. Qb7 Re1+ 38. Kg2 Be4+ 39. Kg3 Rg1+ 40. Kh4 h5 41. h3 Kg6 42. Qxc6 Ne5 43. Qe8+ Kg7 0-1

[Event "*** Titled Tuesday Blitz"]
[Site "Chess.com"]
[Date "2021.02.02"]
[Round "7"]
[White "SergeiAza"]
[Black "Berardino"]
[Result "1-0"]
[WhiteElo "2782"]
[BlackElo "2566"]
[TimeControl "180+1"]
[EndTime "11:19:42 PST"]
[Termination "SergeiAza won by resignation"]

1. e4 c5 2. Nf3 b6 3. d4 cxd4 4. Nxd4 Bb7 5. Nc3 Nf6 6. e5 Nd5 7. Qf3 Qc7 8. Bf4 Nxc3 9. Qxc3 Qxc3+ 10. bxc3 Na6 11. a4 Nc5 12. a5 e6 13. f3 Rc8 14.
axb6 axb6 15. Bb5 Be7 16. Ra7 Ra8 17. Rxa8+ Bxa8 18. Kd2 Kd8 19. Ra1 Kc7 20. Be2 Bc6 21. Ra7+ Nb7 22. Ba6 Rb8 23. Be3 Bc5 24. Bd3 b5 25. Nxb5+ Kb6 26. Ra1 Bxe3+ 27. Kxe3 Bxb5 28. Rb1 Kc7 29. Rxb5 Nd8 30. Ra5 Nc6 31. Rc5 Kb6 32.
Rb5+ Kc7 33. f4 Rxb5 34. Bxb5 Na5 35. Kd4 d6 36. Be8 f6 37. exf6 gxf6 38. g4 Nb7 39. g5 fxg5 40. fxg5 Nc5 41. h4 Kd8 42. Bc6 Ke7 43. Be4 h6 44. gxh6 e5+ 45. Kd5 Ne6 46. h7 1-0